NCAA
IOWA HAWKEYES @ NEBRASKA CORNHUSKERS
05/17/2024
 
TOP OF THE 1ST
Iowa Hawkeyes batting - Pitching for Nebraska Cornhuskers : RHP Roy Mayer
Pitching: RHP Roy Mayer
Batting: RHB Manuel Gómez 0-0: Ball
1-0: Called Strike
1-1: Fly out, F9 (Flyball, 89S)
Batting: RHB Gary Simmons 0-0: Swinging Strike
0-1: Swinging Strike
0-2: Ball
1-2: Ball
2-2: Ball
3-2: Strikes out swinging
Batting: LHB Rob Davidson 0-0: Ground out U3 (Groundball, 3)
Top of the 1st over - 0 run(s), 0 hit(s), 0 error(s), 0 left on base; Iowa 0 - Nebraska 0
BOTTOM OF THE 1ST
Nebraska Cornhuskers batting - Pitching for Iowa Hawkeyes : RHP Tom Rose
Pitching: RHP Tom Rose
Batting: RHB Ralph Powell 0-0: Ball
1-0: Called Strike
1-1: Ball
2-1: Called Strike
2-2: Ground out 4-3 (Groundball, 4M)
Batting: RHB Spencer Saramio 0-0: Ball
1-0: Ball
2-0: Called Strike
2-1: Ground out 5-3 (Groundball, 5)
Batting: LHB Dennis Fontenot 0-0: Called Strike
0-1: Called Strike
0-2: Ball
1-2: Fly out, F7 (Flyball, 7LMF)
Bottom of the 1st over - 0 run(s), 0 hit(s), 0 error(s), 0 left on base; Iowa 0 - Nebraska 0
TOP OF THE 2ND
Iowa Hawkeyes batting - Pitching for Nebraska Cornhuskers : RHP Roy Mayer
Batting: RHB Rusty Anderson 0-0: Foul Ball, location: 2F
0-1: Ball
1-1: Foul Ball, location: 2F
1-2: Foul Ball, location: 2F
1-2: Strikes out looking
Batting: RHB José Gonzáles 0-0: Ball
1-0: Ball
2-0: SINGLE (Flyball, 78S)
Batting: RHB Miguel Costa 0-0: Ball
1-0: Called Strike
1-1: Ball
2-1: Swinging Strike
2-2: Strikes out swinging
Batting: RHB Kelsey Scott 0-0: Ball
José Gonzáles is caught stealing 2nd base
Top of the 2nd over - 0 run(s), 1 hit(s), 0 error(s), 0 left on base; Iowa 0 - Nebraska 0
BOTTOM OF THE 2ND
Nebraska Cornhuskers batting - Pitching for Iowa Hawkeyes : RHP Tom Rose
Batting: LHB Gilberto Ramírez 0-0: Called Strike
0-1: Foul Ball, location: 2F
0-2: SINGLE (Line Drive, 9S)
Batting: LHB Javier Martínez 0-0: Ball
1-0: Fly out, F7 (Flyball, 7M)
Batting: LHB Clifton Fairchild 0-0: SINGLE (Groundball, 3D)
Gilberto Ramírez to second
Runner from 2nd tries for 3rd, SAFE, throw made to third
Batting: RHB Ron Garrett 0-0: Called Strike
0-1: Ball
1-1: Ball
Passed Ball!
Gilberto Ramírez scores
Clifton Fairchild to second
2-1: Fly out, F8 (Line Drive, 8RS)
Batting: LHB David Adams 0-0: Ball
1-0: Ball
2-0: Foul Ball, location: 2F
2-1: Ball
3-1: Foul Ball, location: 2F
3-2: Foul Ball, location: 2F
3-2: Foul Ball, location: 2F
3-2: Ground out 4-3 (Groundball, 4)
Bottom of the 2nd over - 1 run(s), 2 hit(s), 0 error(s), 1 left on base; Iowa 0 - Nebraska 1
TOP OF THE 3RD
Iowa Hawkeyes batting - Pitching for Nebraska Cornhuskers : RHP Roy Mayer
Batting: RHB Kelsey Scott 0-0: Foul Ball, location: 2F
0-1: Ball
1-1: Ball
2-1: Swinging Strike
2-2: Ball
3-2: Strikes out looking
Batting: RHB Joe Brinkman 0-0: Foul Ball, location: 2F
0-1: Ball
1-1: Ball
2-1: Ball
3-1: Called Strike
3-2: Foul Ball, location: 2F
3-2: Foul Ball, location: 2F
3-2: Base on Balls
Batting: LHB Gilbert Stegall 0-0: Called Strike
0-1: Ball
1-1: Ball
2-1: Called Strike
2-2: Foul Ball, location: 2F
2-2: SINGLE (Line Drive, 89M)
Joe Brinkman to second
Batting: RHB Manuel Gómez 0-0: Swinging Strike
0-1: Foul Ball, location: 2F
0-2: Ball
1-2: Strikes out swinging
Batting: RHB Gary Simmons 0-0: Swinging Strike
0-1: Swinging Strike
0-2: Strikes out swinging
Top of the 3rd over - 0 run(s), 1 hit(s), 0 error(s), 2 left on base; Iowa 0 - Nebraska 1
BOTTOM OF THE 3RD
Nebraska Cornhuskers batting - Pitching for Iowa Hawkeyes : RHP Tom Rose
Batting: RHB Jesús Muńíz 0-0: Fly out, F4 (Line Drive, 4M)
Batting: RHB Ralph Powell 0-0: Called Strike
0-1: Reached on error, E5 (Groundball, 56)
Batting: RHB Spencer Saramio 0-0: Ball
1-0: Called Strike
Ralph Powell steals 2nd base
1-1: Ground out 4-3 (Groundball, 4)
Ralph Powell to third
Batting: LHB Dennis Fontenot 0-0: Ball
1-0: Ball
2-0: Ball
3-0: Base on Balls
Batting: LHB Gilberto Ramírez 0-0: Fly out, F8 (Line Drive, 8RM)
Bottom of the 3rd over - 0 run(s), 0 hit(s), 1 error(s), 2 left on base; Iowa 0 - Nebraska 1
TOP OF THE 4TH
Iowa Hawkeyes batting - Pitching for Nebraska Cornhuskers : RHP Roy Mayer
Batting: LHB Rob Davidson 0-0: Ball
1-0: Foul Ball, location: 2F
1-1: Ground out 4-3 (Groundball, 4)
Batting: RHB Rusty Anderson 0-0: Called Strike
0-1: Ball
1-1: Ground out 5-3 (Groundball, 5)
Batting: RHB José Gonzáles 0-0: SINGLE (Line Drive, 6M)
Batting: RHB Miguel Costa 0-0: Ball
1-0: Fly out, F2 (Popup, 15S)
Top of the 4th over - 0 run(s), 1 hit(s), 0 error(s), 1 left on base; Iowa 0 - Nebraska 1
BOTTOM OF THE 4TH
Nebraska Cornhuskers batting - Pitching for Iowa Hawkeyes : RHP Tom Rose
Batting: LHB Javier Martínez 0-0: Ball
1-0: Ball
2-0: SOLO HOME RUN (Flyball, 89XD), Distance : 363 ft
Batting: LHB Clifton Fairchild 0-0: Ball
1-0: DOUBLE (Line Drive, 9LS)
Pitching: RHP Arturo León
Batting: RHB Ron Garrett 0-0: Ball
1-0: Ball
2-0: Ball
3-0: Base on Balls
Batting: LHB David Adams 0-0: Swinging Strike
0-1: Ball
1-1: Ball
2-1: Foul Ball, location: 2F
2-2: Fly out, F7 (Flyball, 7M)
Batting: RHB Jesús Muńíz 0-0: Ball
1-0: SINGLE (Groundball, 56D)
Clifton Fairchild to third
Ron Garrett to second
Runner from 3rd tries for Home, SAFE, throw made home
Batting: RHB Ralph Powell 0-0: Foul Ball, location: 2F
0-1: Ball
1-1: Swinging Strike
1-2: Strikes out swinging
Batting: RHB Spencer Saramio 0-0: Ball
1-0: Ball
2-0: Called Strike
2-1: Foul Ball, location: 2F
2-2: Ball
3-2: Base on Balls
Ron Garrett to third
Jesús Muńíz to second
Batting: LHB Dennis Fontenot 0-0: Ball
1-0: Foul Ball, location: 2F
1-1: Foul Ball, location: 2F
1-2: Ball
2-2: Ball
3-2: SINGLE (Line Drive, 4D)
Ron Garrett scores
Jesús Muńíz to third
Spencer Saramio to second
Jesús Muńíz scores
Spencer Saramio to third
Batting: LHB Gilberto Ramírez 0-0: Ball
1-0: Ball
2-0: Called Strike
2-1: Ball
3-1: Base on Balls
Dennis Fontenot to second
Batting: LHB Javier Martínez 0-0: Ball
1-0: Foul Ball, location: 2F
1-1: Called Strike
1-2: Ball
2-2: SINGLE (Flyball, 5D)
Spencer Saramio scores
Dennis Fontenot to third
Gilberto Ramírez to second
Runner from 3rd tries for Home, throw and OUT!
Bottom of the 4th over - 5 run(s), 5 hit(s), 0 error(s), 2 left on base; Iowa 0 - Nebraska 6
TOP OF THE 5TH
Iowa Hawkeyes batting - Pitching for Nebraska Cornhuskers : RHP Roy Mayer
Batting: RHB Kelsey Scott 0-0: SINGLE (Groundball, 6MD)
Batting: RHB Joe Brinkman 0-0: Ball
1-0: Ball
2-0: Ball
3-0: Called Strike
3-1: Foul Ball, location: 2F
3-2: Fly out, F9 (Flyball, 9LMF)
Batting: LHB Gilbert Stegall 0-0: Ball
1-0: Grounds out, U3 (Groundball, 3L)
Batting: RHB Manuel Gómez 0-0: 2-RUN HOME RUN (Flyball, 7LD), Distance : 328 ft
Batting: RHB Gary Simmons 0-0: Ball
1-0: Ball
2-0: Fly out, F9 (Flyball, 89M)
Top of the 5th over - 2 run(s), 2 hit(s), 0 error(s), 0 left on base; Iowa 2 - Nebraska 6
BOTTOM OF THE 5TH
Nebraska Cornhuskers batting - Pitching for Iowa Hawkeyes : RHP Arturo León
Batting: LHB Clifton Fairchild 0-0: Called Strike
0-1: Called Strike
0-2: Foul Ball, location: 2F
0-2: Strikes out swinging
Batting: RHB Ron Garrett 0-0: Swinging Strike
0-1: Ball
1-1: Ball
2-1: Foul Ball, location: 2F
2-2: Strikes out swinging
Batting: LHB David Adams 0-0: Ball
1-0: SINGLE (Groundball, 4MD)
Batting: RHB Jesús Muńíz 0-0: Ball
1-0: Ball
2-0: Ball
3-0: Called Strike
3-1: Called Strike
3-2: Base on Balls
David Adams to second
Pitching: RHP Ed Meadows
Batting: RHB Ralph Powell 0-0: Called Strike
0-1: Ball
1-1: Ball
2-1: Ground out 5-3 (Groundball, 15S)
Bottom of the 5th over - 0 run(s), 1 hit(s), 0 error(s), 2 left on base; Iowa 2 - Nebraska 6
TOP OF THE 6TH
Iowa Hawkeyes batting - Pitching for Nebraska Cornhuskers : RHP Roy Mayer
Batting: LHB Rob Davidson 0-0: Ball
1-0: Called Strike
1-1: Foul Ball, location: 2F
1-2: Strikes out looking
Batting: RHB Rusty Anderson 0-0: Foul Ball, location: 2F
0-1: Ball
1-1: Ball
2-1: Foul Ball, location: 2F
2-2: Ground out 1-3 (Groundball, 15)
Batting: RHB José Gonzáles 0-0: Ball
1-0: Called Strike
1-1: Ground out 3-1 (Groundball, 34)
Top of the 6th over - 0 run(s), 0 hit(s), 0 error(s), 0 left on base; Iowa 2 - Nebraska 6
BOTTOM OF THE 6TH
Nebraska Cornhuskers batting - Pitching for Iowa Hawkeyes : RHP Ed Meadows
Batting: RHB Spencer Saramio 0-0: Called Strike
0-1: Ball
1-1: Ball
2-1: Ball
3-1: Base on Balls
Batting: LHB Dennis Fontenot 0-0: Ball
1-0: Ground out 5-3 (Groundball, 6S)
Spencer Saramio to second
Batting: LHB Gilberto Ramírez 0-0: Called Strike
0-1: Called Strike
0-2: Ball
1-2: Foul Ball, location: 2F
1-2: Foul Ball, location: 2F
1-2: Strikes out swinging
Batting: LHB Javier Martínez 0-0: Ball
1-0: SINGLE (Line Drive, 34)
Spencer Saramio to third
Batting: LHB Clifton Fairchild 0-0: Ball
1-0: Called Strike
1-1: Fly out, F4 (Popup, 3D)
Bottom of the 6th over - 0 run(s), 1 hit(s), 0 error(s), 2 left on base; Iowa 2 - Nebraska 6
TOP OF THE 7TH
Iowa Hawkeyes batting - Pitching for Nebraska Cornhuskers : RHP Roy Mayer
Pitching: RHP Tyrone Ball
Batting: RHB Miguel Costa 0-0: Called Strike
0-1: Ball
1-1: SINGLE (Groundball, 56D)
Batting: RHB Kelsey Scott 0-0: Ball
1-0: Called Strike
1-1: Called Strike
1-2: Ball
2-2: Ball
3-2: Foul Ball, location: 2F
3-2: Ground out 6-3 (Groundball, 6)
Miguel Costa to second
Batting: RHB Joe Brinkman 0-0: Ball
1-0: SINGLE (Line Drive, 6MD)
Miguel Costa to third
Runner from 3rd tries for Home, SAFE, no throw or cutoff
Batting: LHB Gilbert Stegall 0-0: Ball
1-0: Swinging Strike
1-1: Ball
2-1: Ball
3-1: Base on Balls
Joe Brinkman to second
Batting: RHB Manuel Gómez 0-0: Called Strike
0-1: Called Strike
0-2: Foul Ball, location: 2F
0-2: Ball
1-2: Strikes out swinging
Batting: RHB Gary Simmons 0-0: 3-RUN HOME RUN (Flyball, 8LXD), Distance : 402 ft
Batting: LHB Rob Davidson 0-0: Ball
1-0: Swinging Strike
1-1: Ball
2-1: Ball
3-1: Foul Ball, location: 2F
3-2: Foul Ball, location: 2F
3-2: SINGLE (Groundball, 6MD)
Pitching: RHP Elvis McDonald
Batting: RHB Rusty Anderson 0-0: Ball
1-0: Called Strike
1-1: Ball
2-1: Ball
3-1: Base on Balls
Rob Davidson to second
Batting: RHB José Gonzáles 0-0: Ball
1-0: Ball
2-0: Called Strike
2-1: Ball
3-1: Base on Balls
Rob Davidson to third
Rusty Anderson to second
Batting: RHB Miguel Costa 0-0: Ball
1-0: Swinging Strike
1-1: Ball
2-1: Called Strike
2-2: Foul Ball, location: 2F
2-2: Strikes out swinging
Top of the 7th over - 4 run(s), 4 hit(s), 0 error(s), 3 left on base; Iowa 6 - Nebraska 6
BOTTOM OF THE 7TH
Nebraska Cornhuskers batting - Pitching for Iowa Hawkeyes : RHP Ed Meadows
Batting: RHB Ron Garrett 0-0: Called Strike
0-1: Foul Ball, location: 2F
0-2: Ball
1-2: Ball
2-2: Foul Ball, location: 2F
2-2: Ball
3-2: Fly out, F8 (Flyball, 8LM)
Batting: LHB David Adams 0-0: Called Strike
0-1: Swinging Strike
0-2: Ground out 6-3 (Groundball, 6M)
Batting: RHB Jesús Muńíz 0-0: Ball
1-0: Called Strike
1-1: Fly out, F3 (Popup, 3SF)
Bottom of the 7th over - 0 run(s), 0 hit(s), 0 error(s), 0 left on base; Iowa 6 - Nebraska 6
TOP OF THE 8TH
Iowa Hawkeyes batting - Pitching for Nebraska Cornhuskers : RHP Elvis McDonald
Batting: RHB Kelsey Scott 0-0: Ball
1-0: Swinging Strike
1-1: Swinging Strike
1-2: Ball
2-2: Strikes out looking
Batting: RHB Joe Brinkman 0-0: Called Strike
0-1: Ground out 3-1 (Groundball, 34S)
Pinch Hitting: RHB Paul Dunn 0-0: Ball
1-0: Ball
2-0: Ball
3-0: Called Strike
3-1: Called Strike
3-2: Strikes out swinging
Top of the 8th over - 0 run(s), 0 hit(s), 0 error(s), 0 left on base; Iowa 6 - Nebraska 6
BOTTOM OF THE 8TH
Nebraska Cornhuskers batting - Pitching for Iowa Hawkeyes : RHP Ed Meadows
Pitching: RHP Tom Wilson
Now in CF: Chester Moore
Batting: RHB Ralph Powell 0-0: Ball
1-0: Ball
2-0: Ground out 1-3 (Groundball, 13)
Pitching: RHP Jim Henson
Batting: RHB Spencer Saramio 0-0: Ground out 6-3 (Groundball, 6M)
Batting: LHB Dennis Fontenot 0-0: Foul Ball, location: 2F
0-1: Swinging Strike
0-2: Ball
1-2: Strikes out swinging
Bottom of the 8th over - 0 run(s), 0 hit(s), 0 error(s), 0 left on base; Iowa 6 - Nebraska 6
TOP OF THE 9TH
Iowa Hawkeyes batting - Pitching for Nebraska Cornhuskers : RHP Elvis McDonald
Pitching: RHP Barry Sherman
Batting: RHB Manuel Gómez 0-0: Ground out 4-3 (Groundball, 4)
Pinch Hitting: RHB Rob Byrd 0-0: Ground out 1-3 (Groundball, 13)
Batting: LHB Rob Davidson 0-0: Called Strike
0-1: Fly out, F7 (Line Drive, 78M)
Top of the 9th over - 0 run(s), 0 hit(s), 0 error(s), 0 left on base; Iowa 6 - Nebraska 6
BOTTOM OF THE 9TH
Nebraska Cornhuskers batting - Pitching for Iowa Hawkeyes : RHP Jim Henson
Now at C: Tim Dunn
Batting: LHB Gilberto Ramírez 0-0: Called Strike
0-1: Ball
1-1: Foul Ball, location: 2F
1-2: Ball
2-2: Foul Ball, location: 2F
2-2: Strikes out looking
Batting: LHB Javier Martínez 0-0: Called Strike
0-1: Ball
1-1: Called Strike
1-2: Ball
2-2: Ball
3-2: Base on Balls
Batting: LHB Clifton Fairchild 0-0: Foul Ball, location: 2F
0-1: Ball
1-1: Foul Ball, location: 2F
1-2: Ball
2-2: Foul Ball, location: 2F
2-2: Grounds into double play, 6-4-3 (Groundball, 6M)
Bottom of the 9th over - 0 run(s), 0 hit(s), 0 error(s), 0 left on base; Iowa 6 - Nebraska 6
TOP OF THE 10TH
Iowa Hawkeyes batting - Pitching for Nebraska Cornhuskers : RHP Barry Sherman
Batting: RHB Rusty Anderson 0-0: DOUBLE (Line Drive, 7LS)
Batting: RHB José Gonzáles 0-0: Ball
1-0: Foul Ball, location: 2F
1-1: Swinging Strike
1-2: Strikes out swinging
Batting: RHB Miguel Costa 0-0: Intentional Walk
Batting: RHB Kelsey Scott 0-0: Ball
1-0: 3-RUN HOME RUN (Flyball, 7D), Distance : 369 ft
Pitching: RHP Neil Browning
Batting: RHB Joe Brinkman 0-0: Called Strike
0-1: Ball
1-1: Called Strike
1-2: Ball
2-2: Ball
3-2: Base on Balls
Batting: RHB Chester Moore 0-0: Ball
1-0: Called Strike
1-1: Ball
2-1: DOUBLE (Line Drive, 7LS)
Joe Brinkman to third
Batting: RHB Manuel Gómez 0-0: Intentional Walk
Batting: RHB Tim Dunn 0-0: Swinging Strike
0-1: Called Strike
0-2: Strikes out swinging
Batting: LHB Rob Davidson 0-0: Ball
1-0: Swinging Strike
1-1: Called Strike
1-2: Ground out 4-3 (Groundball, 4)
Top of the 10th over - 3 run(s), 3 hit(s), 0 error(s), 3 left on base; Iowa 9 - Nebraska 6
BOTTOM OF THE 10TH
Nebraska Cornhuskers batting - Pitching for Iowa Hawkeyes : RHP Jim Henson
Pitching: RHP Eduardo Morales
Batting: RHB Ron Garrett 0-0: Ball
1-0: Foul Ball, location: 2F
1-1: Swinging Strike
1-2: Strikes out swinging
Batting: LHB David Adams 0-0: Ball
1-0: Foul Ball, location: 2F
1-1: Foul Ball, location: 2F
1-2: Strikes out looking
Batting: RHB Jesús Muńíz 0-0: Ball
1-0: Ball
2-0: Ball
3-0: Base on Balls
Batting: RHB Ralph Powell 0-0: Called Strike
0-1: Ball
1-1: Foul Ball, location: 2F
1-2: TRIPLE (Line Drive, 89M)
Jesús Muńíz scores
Batting: RHB Spencer Saramio 0-0: Ball
1-0: SINGLE (Groundball, 56D)
Ralph Powell scores
Batting: LHB Dennis Fontenot 0-0: Ball
1-0: Called Strike
1-1: Ball
2-1: Swinging Strike
2-2: Foul Ball, location: 2F
2-2: Foul Ball, location: 2F
2-2: Foul Ball, location: 2F
2-2: Foul Ball, location: 2F
2-2: Foul Ball, location: 2F
2-2: Strikes out swinging
Bottom of the 10th over - 2 run(s), 2 hit(s), 0 error(s), 1 left on base; Iowa 9 - Nebraska 8
This league is powered by Out of the Park Baseball, the baseball management simulation game for PC, Mac and Linux
Saturday, April 9th, 2016 - OOTP Baseball 16.8 Build 38